 Dungeon Crawl Stone Soup version 0.32-a0-999-gfa1cc04b1d (webtiles) character file.

Game seed: 16984788137443956602

3052 dialectric the Shield-Bearer (level 9, -11/96 HPs)
             Began as a Troll Fighter on Apr 24, 2024.
             Mangled by a komodo dragon (29 damage)
             ... on level 8 of the Dungeon.
             The game lasted 00:08:33 (6104 turns).

dialectric the Shield-Bearer (Troll Fighter)        Turns: 6104, Time: 00:08:34

Health: -11/96     AC:  6    Str: 28    XL:     9   Next: 57%
Magic:  8/8        EV: 10    Int:  4    God:
Gold:   378        SH:  0    Dex: 11    Spells: 5/8 levels left

rFire   . . .        m - +10 mace of the Feeding Queen {vamp, rC+}
rCold   + . .        (no shield)
rNeg    + . .        b - +0 robe
rPois   .            (helmet restricted)
rElec   .            s - +2 cloak
rCorr   .            (gloves unavailable)
SInv    +            (boots unavailable)
Will    .....        k - amulet of regeneration
Stlth   +            f - ring of positive energy
HPRegen 1.96/turn    (no ring)
MPRegen 0.11/turn

%: no passive effects
@: no status effects
A: large, unfitting armour, claws 3, regeneration 1, shaggy fur 1, tough skin 1,
see invisible, deformed body, robust 1
a: no special abilities


You were on level 8 of the Dungeon.
You visited 1 branch of the dungeon, and saw 8 of its levels.
You also visited: Sewer.

You collected 426 gold pieces.
You spent 48 gold pieces at shops.

Inventory:

Hand Weapons
 l - a +3 mace of protection
 m - the +10 mace of the Feeding Queen (weapon) {vamp, rC+}
   (You found it on level 2 of the Dungeon)

   rC+:       It protects you from cold.
 w - the +5 spear of Gravity {antimagic, +Blink rC- Will+ Int+3}
   (You found it on level 3 of the Dungeon)

   Int+3:     It affects your intelligence (+3).
   rC-:       It makes you vulnerable to cold.
   Will+:     It increases your willpower.
   +Blink:    It lets you blink.
 z - a +1 eveningstar
Missiles
 L - a curare-tipped dart (quivered)
 M - 3 throwing nets
Armour
 b - a +0 robe (worn)
 c - a +0 kite shield
 s - a +2 cloak (worn)
Jewellery
 d - a ring of wizardry
 f - a ring of positive energy (left claw)
 k - an amulet of regeneration (around neck)
 G - a ring of resist corrosion
 I - an amulet of magic regeneration
 N - an amulet of guardian spirit
Talismans
 t - a beast talisman
Wands
 a - a wand of paralysis (12)
 F - a wand of flame (23)
Scrolls
 e - 2 scrolls of enchant weapon
 h - 3 scrolls of summoning
 i - 2 scrolls of vulnerability
 o - a scroll of fear
 r - a scroll of revelation {unknown}
 u - 2 scrolls of amnesia {unknown}
 v - a scroll of enchant armour {unknown}
 x - 3 scrolls of teleportation
 y - a scroll of immolation {unknown}
 B - a scroll of poison {unknown}
 D - a scroll of brand weapon {unknown}
 J - 2 scrolls of noise {unknown}
 K - 2 scrolls of identify
Potions
 g - 2 potions of enlightenment
 j - 2 potions of resistance {unknown}
 n - a potion of heal wounds {unknown}
 p - 2 potions of lignification
 q - 4 potions of curing
 A - 2 potions of mutation
 C - a potion of brilliance {unknown}
 E - a potion of magic
 H - a potion of attraction {unknown}


   Skills:
 - Level 5.2 Fighting
 + Level 6.7 Maces & Flails
 + Level 6.3 Dodging
 + Level 7.0 Shields


You had 5 spell levels left.
You knew the following spells:

 Your Spells              Type           Power      Damage    Failure   Level
a - Swiftness             Air            0%         N/A       86%         3

Your spell library contained the following spells:

 Spells                   Type           Power      Damage    Failure   Level
 Shock                    Conj/Air       0%         1d3       50%         1
 Ensorcelled Hibernation  Hex/Ice        0%         N/A       65%         2
 Call Canine Familiar     Summ           0%         N/A       86%         3
 Passwall                 Erth           0%         N/A       86%         3
 Sigil of Binding         Hex            0%         N/A       86%         3
 Teleport Other           Tloc           0%         N/A       86%         3
 Volatile Blastmotes      Fire/Tloc      0%         2d10      86%         3
 Airstrike                Air            0%         2d(0-16)  99%         4
 Dimensional Bullseye     Hex/Tloc       0%         N/A       99%         4
 Vhi's Electric Charge    Tloc/Air       0%         N/A       99%         4
 Dispersal                Tloc           0%         N/A       100%        6
 Gell's Gavotte           Tloc           0%         2d(11-16) 100%        6


Dungeon Overview and Level Annotations

Branches:
Dungeon (8/15)             Temple (0/1) D:7            Lair (0/5) D:8
  Sewer (visited)

Altars:
Cheibriados
Dithmenos
Elyvilon
Kikubaaqudgha
Okawaru
Trog
Vehumet
Yredelemnul
The Shining One

Shops:
D:4 *   D:5 ?   D:7 [


Innate Abilities, Weirdness & Mutations

You are too large for most types of armour.
You have claws for hands.
Your natural rate of healing is unusually fast.
You are covered in fur. (AC +1)
You have tough skin. (AC +1)
You have supernaturally acute eyesight. (SInv)
Armour fits poorly on your strangely shaped body.
You are robust. (+10% HP)


Message History

The komodo dragon seems to regain its courage.
A nearby plant withers and dies.
A nearby plant withers and dies.
The basilisk bites you but does no damage.
The basilisk bites you!
You turn to flesh and can move again.
The komodo dragon attacks as it pursues you!
The komodo dragon bites you!!
The basilisk bites the plant!
The plant begins to die.
The basilisk bites the plant.
The plant begins to die.
Unknown command.
The komodo dragon attacks as it pursues you!
The komodo dragon barely misses you.
The basilisk bites the plant!
The plant begins to die.
A nearby plant withers and dies.
The komodo dragon bites you!
A nearby plant withers and dies.
The komodo dragon attacks as it pursues you!
The komodo dragon bites you!
You hit the komodo dragon.
You feel better.
The komodo dragon is lightly wounded.
The komodo dragon barely misses you.
You hit the komodo dragon but do no damage.
The komodo dragon is lightly wounded.
The komodo dragon bites you!!
You are too injured to fight recklessly!
You barely miss the komodo dragon.
The komodo dragon is lightly wounded.
The komodo dragon bites you.
* * * LOW HITPOINT WARNING * * *
You hit the komodo dragon.
You feel better.
The komodo dragon is lightly wounded.
The komodo dragon bites you!
* * * LOW HITPOINT WARNING * * *
You hit the komodo dragon.
You feel better.
The komodo dragon is moderately wounded.
The komodo dragon bites you!
* * * LOW HITPOINT WARNING * * *
Unknown command.
You feel better. The komodo dragon bites you!!
You die...

#.....#
#.#####
#.#...##
#.#.#..#
#.#.#..#
#......##
###.#...#
#.#####
#@# #l#
###l#
##...#
##..#.#
##.l.###
##....P##
#.....PP#
##....PPP#


You could see a komodo dragon and a basilisk.

Vanquished Creatures
  Pikel (D:5)
  Duvessa (D:4)
  2 water moccasins
  An ice beast (D:5)
  4 black bears
  An ogre (D:4)
  2 centaurs
  3 lemures (D:5)
  5 phantoms
  A kobold brigand (D:7)
  2 bullfrogs (Sewer)
  2 scorpions
  Dowan (D:4)
  A bombardier beetle (D:5)
  3 jellies
  3 hounds
  A gnoll bouda (D:7)
  Crazy Yiuf (D:2)
  Ijyb (D:4)
  3 iguanas
  2 orc wizards
  Robin (D:2)
  5 gnolls (D:7)
  19 adders
  6 river rats
  A white imp (D:7)
  2 ufetubi (D:6)
  6 ribbon worms
  23 orcs
  20 ball pythons
  12 endoplasms
  4 giant cockroaches
  11 goblins
  12 hobgoblins
  11 kobolds
  4 quokkas
  15 bats
  A frilled lizard (D:1)
  23 rats
217 creatures vanquished.

Notes
Turn   | Place    | Note
-------+----------+-------------------------------------------
     0 | D:1      | dialectric the Troll Fighter began the quest for the Orb.
     0 | D:1      | Reached XP level 1. HP: 22/22 MP: 0/0
   207 | D:1      | Reached XP level 2. HP: 29/29 MP: 1/1
   415 | D:1      | Reached skill level 3 in Shields
   902 | D:2      | Noticed Robin
   931 | D:1      | Reached XP level 3. HP: 32/36 MP: 2/2
   963 | D:2      | Killed Robin
   976 | D:2      | Identified the +10 mace of the Feeding Queen {vamp, rC+}
  1241 | D:2      | Reached XP level 4. HP: 44/44 MP: 3/3
  1669 | D:2      | Found a runed translucent door.
  1670 | D:2      | Noticed Crazy Yiuf
  1870 | D:2      | Killed Crazy Yiuf
  2051 | D:3      | Reached XP level 5. HP: 49/53 MP: 4/4
  2106 | D:3      | Found an iron altar of Okawaru.
  2107 | D:3      | Found a white marble altar of Elyvilon.
  2359 | D:3      | Identified the +5 spear of Gravity {antimagic, +Blink rC-
                  | Will+ Int+3}
  2510 | D:4      | Noticed Duvessa
  2510 | D:4      | Noticed Dowan
  2528 | D:4      | Killed Duvessa
  2529 | D:4      | Reached XP level 6. HP: 43/61 MP: 5/5
  2536 | D:4      | Killed Dowan
  2537 | D:4      | Reached skill level 4 in Shields
  2575 | D:4      | Found an ancient bone altar of Kikubaaqudgha.
  2709 | D:4      | Found a glowing drain.
  2720 | D:4      | Found a shadowy altar of Dithmenos.
  2748 | Sewer    | Entered a sewer
  2779 | Sewer    | Reached XP level 7. HP: 62/68 MP: 6/6
  3159 | D:4      | Learned a level 3 spell: Swiftness
  3284 | D:4      | Found Zyjuoma's Elemental Accessories.
  3304 | D:4      | Noticed Ijyb
  3320 | D:4      | Reached skill level 5 in Shields
  3321 | D:4      | Killed Ijyb
  3322 | D:4      | Reached XP level 8. HP: 79/79 MP: 7/7
  3324 | D:4      | Found a bloodstained altar of Trog.
  3580 | D:5      | Entered Level 5 of the Dungeon
  3689 | D:5      | Found Sucilev's Magic Scroll Shoppe.
  3697 | D:5      | Bought a scroll of fear for 48 gold pieces
  3724 | D:5      | Noticed Pikel
  3764 | D:5      | Killed Pikel
  3765 | D:5      | Reached skill level 5 in Fighting
  3765 | D:5      | Reached skill level 5 in Maces & Flails
  3765 | D:5      | Reached skill level 5 in Dodging
  3924 | D:5      | Reached skill level 6 in Shields
  4079 | D:5      | Reached XP level 9. HP: 88/88 MP: 8/8
  5019 | D:6      | Found a glowing golden altar of the Shining One.
  5021 | D:6      | Noticed an angel
  5030 | D:6      | Found a basalt altar of Yredelemnul.
  5159 | D:6      | Noticed a profane servitor
  5454 | D:7      | Gained mutation: You are robust. (+10% HP) [potion of
                  | mutation]
  5454 | D:7      | Gained mutation: You have supernaturally acute eyesight.
                  | (SInv) [potion of mutation]
  5454 | D:7      | Gained mutation: Armour fits poorly on your strangely
                  | shaped body. [potion of mutation]
  5483 | D:7      | Found a radiant altar of Vehumet.
  5635 | D:7      | Found Zyizueno's Armour Shoppe.
  5675 | D:7      | Found a staircase to the Ecumenical Temple.
  5854 | D:7      | Found a snail-covered altar of Cheibriados.
  5931 | D:7      | Reached skill level 7 in Shields
  6073 | D:8      | Found a staircase to the Lair.
  6073 | D:8      | Noticed a komodo dragon
  6104 | D:8      | Mangled by a komodo dragon

Illustrated notes

Levels and vault maps discovered:
D:1:      amcnicky_arrival_blooded_trapdoor, layout_basic
D:2:      layout_basic, uniq_robin, uniq_crazy_yiuf_cottage
D:3:      layout_basic, elyvilon_altar_5, mainiacjoe_overflow_boulevard,
          chequers_mini_garden
D:4:      corexii_shack_village, layout_basic, nicolae_dithmenos_the_darkroom,
          kiku_gazebo_pond_becter, trog_ov_bears_minmay,
          cheibrodos_sewer_entry_sluice, nicolae_elemental_shop, uniq_duvessa,
          uniq_ijyb
D:5:      layout_basic, serial_shops, nicolae_shop_trees, uniq_pikel
D:6:      layout_loops_corners, grunt_temple_overflow_holy_war
D:7:      layout_rooms, tgw_sif, mainiacjoe_overflow_tiny_flanked,
          lemuel_coloured_pillars_altar, temple_pool_b, serial_shops, shop,
          minmay_fountain_box
D:8:      layout_basic, nicolae_wu_jian_immortal_techniques,
          nicolae_qazlal_general_emergency, fedhas_altar_3, david_lair_shrubbed,
          sword_in_stone, uniq_erica

Skill      XL: |  1  2  3  4  5  6  7  8  9 |
---------------+----------------------------+-----
Maces & Flails | 2 3 4 5 6 |  6.7
Shields        | 3 4 5 6 7 |  7.0
Fighting       | 3 4 5 |  5.2
Dodging        | 3 4 5 6 |  6.3

Action                     |  1- 3 |  4- 6 |  7- 9 || total
---------------------------+-------+-------+-------++-------
  Melee: Flail             |    95 |       |       ||    95
         Mace              |    22 |   137 |   315 ||   474
    Use: Potion            |       |     1 |     2 ||     3
         Scroll            |       |     1 |     9 ||    10
 Armour: Robe              |   126 |   110 |   290 ||   526
  Dodge: Dodged            |    92 |    86 |   198 ||   376

Table legend: (Time is in decaauts)
 A = Elapsed time spent in this place.
 B = Non-inter-level travel time spent in this place.
 C = Inter-level travel time spent in this place.
 D = Time resting spent in this place.
 E = Time spent auto-exploring this place.
 F = Levels seen in this place.
 G = Mean time per level.
                   A        B        C        D        E       F      G
               +--------+--------+--------+--------+--------+-----+--------+
         Total |   6223 |   5987 |    236 |      4 |   4379 |   9 |  691.4 |
       Dungeon |   5905 |   5669 |    236 |      4 |   4343 |   8 |  738.1 |
         Sewer |    318 |    318 |      0 |      0 |     36 |   1 |  318.0 |
               +--------+--------+--------+--------+--------+-----+--------+

Top non-repeatable levels by time:
     D:2: 1056 daAuts
     D:6: 971 daAuts
     D:1: 949 daAuts
     D:5: 839 daAuts
     D:4: 801 daAuts
     D:7: 653 daAuts
     D:3: 548 daAuts
   Sewer: 318 daAuts
     D:8: 84 daAuts
